 Dungeon Crawl Stone Soup version 0.19.4 (webtiles) character file.

2779 sweetbreads the Covert (level 9, 0/39 HPs)
             Began as a Spriggan Enchanter on Feb 2, 2017.
             Was a Priest of Kikubaaqudgha.
             Shot with an arrow by a centaur (9 damage)
             ... on level 8 of the Dungeon on Feb 3, 2017.
             The game lasted 01:13:53 (8592 turns).

sweetbreads the Covert (Spriggan Enchanter)         Turns: 8592, Time: 01:13:53

Health: 0/39       AC:  6    Str:  4    XL:     9   Next: 42%
Magic:  3/14       EV: 24    Int: 17    God:    Kikubaaqudgha [***...]
Gold:   454        SH:  0    Dex: 19    Spells: 3 memorised, 6 levels left

rFire  . . .     SeeInvis +     a - +2 dagger (venom)
rCold  . . .     Gourm    .     E - +1 robe
rNeg   . . .     Faith    .     (shield restricted)
rPois  .         Spirit   .     p - +1 hat
rElec  .         Reflect  .     G - +1 cloak
rCorr  +         Harm     .     (gloves unavailable)
MR     +....                    (boots unavailable)
Stlth  +++++.....               (no amulet)
                                r - ring of wizardry
                                Q - ring of resist corrosion

@: very quick
A: unfitting armour, see invisible, herbivore 3, speed 3, slow metabolism 2
a: Receive Corpses, Renounce Religion


You were on level 8 of the Dungeon.
You worshipped Kikubaaqudgha.
Kikubaaqudgha was most pleased with you.
You were not hungry.

You visited 2 branches of the dungeon, and saw 9 of its levels.

You collected 454 gold pieces.

Inventory:

Hand Weapons
 a - a +2 dagger of venom (weapon)
 b - a +1 dagger
 j - a +0 dagger (quivered)
 s - a +2 flail of draining
 v - a +3 shortbow
 A - a +4 dagger
Missiles
 n - 28 poisoned needles
Armour
 p - a +1 hat (worn)
 E - a +1 robe (worn)
 G - a +1 cloak (worn)
Jewellery
 e - an uncursed amulet of guardian spirit
 r - a ring of wizardry (right hand)
 x - an uncursed ring of protection from fire
 F - a +5 ring of slaying
 Q - a ring of resist corrosion (left hand)
Wands
 t - a wand of enslavement (5/24)
 C - a wand of polymorph (12/24)
 K - a wand of flame (33/48)
 M - a wand of iceblast (6/15)
 N - a wand of lightning (5/15)
Scrolls
 h - 6 scrolls of remove curse
 i - a scroll of amnesia
 o - a scroll of identify
Potions
 f - 3 potions of curing
 g - a potion of berserk rage
 m - 3 potions of cure mutation {unknown}
 w - a potion of ambrosia {unknown}
 z - a potion of brilliance {unknown}
 H - a potion of invisibility {unknown}
 O - a potion of magic {unknown}
 P - a potion of might
 R - a potion of mutation {unknown}
Books
 l - Kikubaaqudgha's Almanac of Unholy Arts
   (Kikubaaqudgha gifted it to you on level 6 of the Dungeon)

   Spells                             Type                      Level
   a - Bolt of Draining               Conjuration/Necromancy       5
   b - Agony                          Necromancy                   5
   c - Cigotuvi's Embrace             Necromancy                   5
   d - Dispel Undead                  Necromancy                   5
   e - Death Channel                  Necromancy                   6
 y - Kikubaaqudgha's Volume of Dark Arts
   (Kikubaaqudgha gifted it to you on level 3 of the Dungeon)

   Spells                             Type                      Level
   a - Pain                           Necromancy                   1
   b - Corpse Rot                     Necromancy                   2
   c - Sublimation of Blood           Necromancy                   2
   d - Regeneration                   Charms/Necromancy            3
   e - Control Undead                 Necromancy                   4
 D - a book of Maledictions

   Spells                             Type                      Level
   a - Corona                         Hexes                        1
   b - Ensorcelled Hibernation        Hexes/Ice                    2
   c - Confuse                        Hexes                        3
   d - Tukima's Dance                 Hexes                        3
   e - Dazzling Spray                 Conjuration/Hexes            3
Comestibles
 c - 3 fruits
 d - 3 bread rations


   Skills:
 + Level 4.6 Short Blades
 + Level 7.5 Dodging
 - Level 10.0 Stealth
 - Level 3.0 Spellcasting
 - Level 10.0 Hexes
 * Level 4.4 Charms
 * Level 3.9 Necromancy


You had 6 spell levels left.
You knew the following spells:

 Your Spells              Type           Power        Failure   Level  Hunger
a - Regeneration          Chrm/Necr      ###.......   4%          3    ###....
b - Ensorcelled Hibernat  Hex/Ice        ###...       1%          2    ##.....
c - Confuse               Hex            #####...     1%          3    ###....


Dungeon Overview and Level Annotations

Branches:
Dungeon (8/15)             Temple (1/1) D:5
   Lair: D:8-11

Altars:
Ashenzari
Cheibriados
Dithmenos
Elyvilon
Fedhas
Gozag
Hepliaklqana
Kikubaaqudgha
Makhleb
Nemelex Xobeh
Okawaru
Qazlal
Ru
Sif Muna
Trog
Uskayaw
Vehumet
Xom
Yredelemnul
Zin
The Shining One

Shops:
D:7 (

Annotations:
D:4 antares's ghost, amateur OpAs
D:8 Grum


Innate Abilities, Weirdness & Mutations

You are very small and have problems with some larger weapons.
You are too small for most types of armour.
You have supernaturally acute eyesight. (SInv)
You are a herbivore.
You cover ground extremely quickly.
You need consume almost no food.


Message History

The wolf bites you. The wolf closely misses you. Grum barely misses you.
Casting: Ensorcelled Hibernation
Confirm with . or Enter, or press ? or * to list all spells.
Aiming: Ensorcelled Hibernation
Press: ? - help, Shift-Dir - straight line, f/p - wolf
Aim: a wolf (chance to defeat MR: 50%)
The wolf looks drowsy...
The wolf bites you.
The helpless wolf fails to defend itself.
You skewer the wolf like a kebab!!!
You kill the wolf!
Kikubaaqudgha accepts your kill. The wolf misses you.
The centaur wields a shortbow.
The centaur shoots an arrow.
The arrow completely misses you. Grum barely misses you. The wolf bites you!
The centaur shoots an arrow.
The arrow hits you!
* * * LOW HITPOINT WARNING * * *
The wolf completely misses you. Grum closely misses you.
The centaur shoots an arrow.
The arrow hits you!
You die...
Kikubaaqudgha rasps: "You have failed me!
Welcome... death!"

... ##.# .. ..# ..
♣ . .. #.# #.# P≈
#.##.##.####... ..≈
............. .P..
...........# ...♣.
.......c..†##.....P
#..g.@.......
#..#h###.....
#...o# ...
?.####...## #
....$....#
.$###....)...h#
#.........h.
#...######## ..%...


You could see Grum, a wolf, a centaur and an orc.

Vanquished Creatures
  Menkaure (D:6)
  A hornet zombie (D:6)
  A black bear (D:6)
  2 ogres (D:5)
  2 wolves (D:8)
  A necrophage (D:8)
  A phantom (D:7)
  3 centaurs
  A big kobold (D:6)
  4 bullfrogs (D:7)
  6 wights
  A howler monkey (D:6)
  A bullfrog zombie (D:7)
  A centaur zombie (D:7)
  4 crimson imps
  2 jellies (D:6)
  4 hounds
  2 orc wizards
  A bullfrog skeleton (D:5)
  5 orc priests
  A centaur skeleton (D:6)
  2 gnoll shamans
  An iguana (D:6)
  3 worker ants
  A hound zombie (D:5)
  A howler monkey zombie (D:6)
  Robin (D:4)
  8 gnolls
  8 adders
  A howler monkey skeleton (D:4)
  2 shadow imps (D:6)
  4 oozes
  An adder skeleton (D:7)
  An adder zombie (D:6)
  4 worms
  8 dart slugs (D:4)
  3 leopard geckos (D:3)
  16 orcs
  4 ball pythons
  A bat (D:2)
  7 giant cockroaches
  9 hobgoblins
  6 jackals (D:3)
  4 kobolds (D:1)
  A quokka (D:3)
  5 frilled lizards
  10 goblins
  A quokka zombie (D:6)
  8 rats
166 creatures vanquished.

Vanquished Creatures (others)
  A human (D:2)
1 creature vanquished.

Grand Total: 167 creatures vanquished

Notes
Turn   | Place    | Note
-------+----------+-------------------------------------------
     0 | D:1      | sweetbreads the Spriggan Enchanter began the quest for the Orb.
     0 | D:1      | Reached XP level 1. HP: 9/9 MP: 5/5
   253 | D:1      | Reached XP level 2. HP: 9/13 MP: 3/6
   257 | D:1      | Learned a level 2 spell: Ensorcelled Hibernation
  1053 | D:2      | Found an ancient bone altar of Kikubaaqudgha.
  1053 | D:2      | Noticed a human
  1058 | D:2      | Killed a human
  1157 | D:2      | Reached skill level 5 in Stealth
  1157 | D:2      | Reached XP level 3. HP: 16/16 MP: 5/8
  1544 | D:2      | Became a worshipper of Kikubaaqudgha
  1959 | D:2      | Reached XP level 4. HP: 21/21 MP: 6/9
  2445 | D:4      | Noticed antares's ghost (amateur OpAs)
  2659 | D:3      | Reached * piety under Kikubaaqudgha
  2659 | D:3      | Identified Kikubaaqudgha's Volume of Dark Arts (Kikubaaqudgha gifted it to you on level 3 of the Dungeon)
  2659 | D:3      | Received a gift from Kikubaaqudgha
  3177 | D:4      | Reached XP level 5. HP: 21/24 MP: 10/10
  3222 | D:5      | Entered Level 5 of the Dungeon
  3222 | D:5      | Found a staircase to the Ecumenical Temple.
  3233 | Temple   | Entered the Ecumenical Temple
  3963 | D:4      | Reached XP level 6. HP: 28/28 MP: 11/11
  4096 | D:4      | Noticed Robin
  4101 | D:4      | Reached ** piety under Kikubaaqudgha
  4106 | D:4      | Killed Robin
  4237 | D:4      | Reached skill level 5 in Hexes
  5028 | D:5      | Reached XP level 7. HP: 29/32 MP: 1/12
  5301 | D:5      | Reached skill level 5 in Dodging
  5733 | D:6      | Found a stormy altar of Qazlal.
  5789 | D:6      | Noticed Menkaure
  5845 | D:5      | Learned a level 3 spell: Confuse
  5847 | D:5      | Learned a level 1 spell: Pain
  6042 | D:6      | Reached XP level 8. HP: 34/36 MP: 9/13
  6100 | D:6      | Reached skill level 1 in Necromancy
  6177 | D:6      | Reached *** piety under Kikubaaqudgha
  6177 | D:6      | Identified Kikubaaqudgha's Almanac of Unholy Arts (Kikubaaqudgha gifted it to you on level 6 of the Dungeon)
  6177 | D:6      | Received a gift from Kikubaaqudgha
  6347 | D:6      | Killed Menkaure
  6509 | D:7      | Noticed a hippogriff
  6925 | D:7      | Found Qamaus's Weapon Emporium.
  7490 | D:6      | Reached XP level 9. HP: 32/39 MP: 11/14
  7849 | D:5      | Learned a level 3 spell: Regeneration
  7878 | D:6      | Reached skill level 10 in Stealth
  7985 | D:7      | Reached skill level 10 in Hexes
  8093 | D:7      | Reached skill level 1 in Charms
  8500 | D:8      | Noticed Grum
  8592 | D:8      | Shot with an arrow by a centaur

Skill      XL: |  1  2  3  4  5  6  7  8  9 |
---------------+----------------------------+-----
Hexes          | 4 5 7 9 10 | 10.0
Spellcasting   | 3 |  3.0
Stealth        | 5 6 7 8 9 10 | 10.0
Short Blades   | 2 3 4 |  4.6
Dodging        | 4 6 7 |  7.5
Necromancy     | 3 |  3.9
Charms         | 4 |  4.4

Action                   |  1- 3 |  4- 6 |  7- 9 || total
-------------------------+-------+-------+-------++-------
Melee: Dagger            |   119 |   218 |   188 ||   525
 Cast: Corona            |     9 |    16 |       ||    25
       Ensorcelled Hiber |    16 |    35 |    57 ||   108
       Confuse           |       |       |    27 ||    27
       Pain              |       |       |     6 ||     6
       Regeneration      |       |       |     3 ||     3
Evoke: Wand              |       |     3 |       ||     3
  Use: Scroll            |       |    11 |     8 ||    19
       Potion            |       |     4 |     1 ||     5
 Stab: Sleeping          |    17 |    26 |    40 ||    83
       Distracted        |       |     1 |     3 ||     4
       Confused          |       |       |     8 ||     8
  Eat: Fruit             |       |     4 |     3 ||     7
       Bread ration      |       |       |     1 ||     1
       Pizza             |       |       |     1 ||     1
Armor: Robe              |    18 |    26 |    16 ||    60
Dodge: Dodged            |    99 |   186 |   146 ||   431
